 Dungeon Crawl Stone Soup version 0.29.1-13-g9f3cf754e1 (webtiles) character file.

Game seed: 5728694545381883801

155222 sanboga the Warrior (level 17, -3/170 HPs)
             Began as a Minotaur Berserker on Jan 23, 2023.
             Was the Champion of Trog.
             Succumbed to a swamp dragon's poison gas
             ... on level 3 of the Snake Pit.
             The game lasted 00:33:47 (33662 turns).

sanboga the Warrior (Minotaur Berserker)           Turns: 33662, Time: 00:33:48

Health: -3/170     AC: 22    Str: 28    XL:     17   Next: 8%
Magic:  16/16      EV:  8    Int:  4    God:    Trog [******]
Gold:   2458       SH: 21    Dex: 18    Spells: 16/16 levels left

rFire   + + .      SeeInvis .   a - +1 broad axe (flame)
rCold   + . .      Faith    .   J - +0 tower shield
rNeg    . . .      Spirit   .   p - +0 plate armour
rPois   .          Reflect  .   (helmet restricted)
rElec   .          Harm     .   j - scarf {rC+ rF+}
rCorr   +          Rampage  .   w - +0 pair of gloves
Will    ++...                   g - +0 pair of boots
Stlth   ..........              G - amulet of regeneration
HPRegen 1.18/turn               A - ring "Xiasud" {Contam rF+ Will+ rCorr Dex+6}
MPRegen 0.15/turn               L - +4 ring of slaying

@: mighty, lethally poisoned (-3 -> -33), on berserk cooldown
A: horns 2, retaliatory headbutt
a: Renounce Religion, Berserk, Trog's Hand, Brothers in Arms


You were on level 3 of the Snake Pit.
You worshipped Trog.
Trog was exalted by your worship.
You visited 4 branches of the dungeon, and saw 25 of its levels.
You also visited: Sewer and Ossuary.

You collected 3226 gold pieces.
You spent 768 gold pieces at shops.

Inventory:

Hand Weapons
 a - a +1 broad axe of flaming (weapon)
Armour
 g - a +0 pair of boots (worn)
 j - a scarf of resistance (worn)
 p - a +0 plate armour (worn)
 w - a +0 pair of gloves (worn)
 J - a +0 tower shield (worn)
Jewellery
 c - the ring "Gialouts" {+Blink Fly Stlth+}
   (You found it on level 15 of the Dungeon)

   [ring of flight]

   Fly:       It grants you flight.
   +Blink:    It lets you blink.
   Stlth:     It makes you more stealthy.
 q - a ring of protection from fire
 A - the ring "Xiasud" (left hand) {Contam rF+ Will+ rCorr Dex+6}
   (You found it on level 15 of the Dungeon)

   [ring of protection from fire]

   Dex:       It affects your dexterity (+6).
   rF:        It protects you from fire.
   Contam:    It causes magical contamination when unequipped.
   rCorr:     It protects you from acid and corrosion.
   Will:      It increases your willpower.
 C - a ring of ice
 E - a ring of ice
 G - an amulet of regeneration (around neck)
 L - a +4 ring of slaying (right hand)
Wands
 f - a wand of mindburst (4)
 i - a wand of polymorph (8)
 r - a wand of flame (73)
 y - a wand of digging (11)
 H - a wand of paralysis (8)
 I - a wand of roots (10)
 K - a wand of acid (9)
Scrolls
 b - 5 scrolls of enchant weapon
 e - 5 scrolls of fog
 h - 8 scrolls of teleportation
 m - 6 scrolls of blinking
 s - a scroll of brand weapon
 v - 4 scrolls of enchant armour
 B - 3 scrolls of magic mapping
 D - 5 scrolls of fear
 M - 2 scrolls of silence
Potions
 d - 2 potions of cancellation
 k - 7 potions of curing
 l - 5 potions of ambrosia
 n - 7 potions of resistance
 o - 10 potions of haste
 t - 2 potions of might
 u - 4 potions of heal wounds
 x - 3 potions of mutation
 z - 3 potions of berserk rage
 F - 2 potions of invisibility
 N - a potion of flight


   Skills:
 + Level 20.1 Fighting
 - Level 18.0 Axes
 + Level 19.9 Armour
 - Level 2.1 Dodging
 + Level 17.1 Shields


You had 16 spell levels left.
You didn't know any spells.
Your spell library was empty.

Dungeon Overview and Level Annotations

Branches:
Dungeon (15/15)            Temple (0/1) D:4            Lair (5/5) D:8
 Shoals (0/4) Lair:3        Snake (3/4) Lair:3        Slime (0/5) Lair:4
    Orc (2/2) D:9             Elf (0/3) Orc:2        Vaults (0/5) D:13
 Depths (0/4) D:15          Sewer (visited)         Ossuary (visited)

Altars:
Ashenzari
Cheibriados
Fedhas
Hepliaklqana
Makhleb
Nemelex Xobeh
Okawaru
Qazlal
Ru
Sif Muna
Trog
Vehumet
Wu Jian
Xom
Yredelemnul
Jiyva

Shops:
D:4 *   D:12 [   Orc:1 *   Orc:2 *(*[:   Snake:1 (*?


Innate Abilities, Weirdness & Mutations

You have a pair of horns on your head.
You reflexively headbutt those who attack you in melee.


Message History

The swamp dragon breathes poison at you.
The blast of poison engulfs you but does no damage.
You are poisoned.
You feel much better.
You are engulfed in poison gas.
You are more poisoned.
You feel extremely sick. The swamp dragon bites you.
You block the swamp dragon's attack. x2
You feel very mighty all of a sudden.
You are engulfed in poison gas.
You are more poisoned.
* * * LOW HITPOINT WARNING * * *
You feel yourself speed up.
You feel extremely sick.
The swamp dragon breathes poison at you.
The blast of poison engulfs you but does no damage.
You are more poisoned.
The swamp dragon bites you but does no damage.
You block the swamp dragon's attack. x2
You slash the swamp dragon! You burn the swamp dragon.
The swamp dragon is moderately wounded.
You are engulfed in poison gas.
You are more poisoned.
* * * LOW HITPOINT WARNING * * *
x2 You feel extremely sick.
You block the swamp dragon's attack.
The swamp dragon claws you but does no damage.
The swamp dragon tramples you but does no damage.
You slice the swamp dragon!! You burn the swamp dragon.
The swamp dragon is severely wounded.
You are engulfed in poison gas.
You are lethally poisoned!
* * * LOW HITPOINT WARNING * * *
x2 You feel extremely sick.
The swamp dragon bites you!
* * * LOW HITPOINT WARNING * * *
You block the swamp dragon's attack. x2
Blink to where?
Press: ? - help, Dir - move target
As you read the scroll of blinking, it crumbles to dust.
You die...

### ### #.## #.### ####
#..### ##..## #..# #....#
...○.## ###..# ###....##
....°°#####○○○°######.......#
......°.D§°○○...@...........#
#############☼°.........>..#
#.######'##.†..##
#.#...#...#.....#
#.#......##....##
#.###....#...###
#..#.....##..# #≈
#..#.#..#.#..#
≈≈≈≈###..####...#..#


There were no monsters in sight!

Vanquished Creatures
  2 thorn hunters (Snake:3)
  Kirke (D:14)
  A tengu reaver (D:15)
  The ghost of Cheops the Bludgeoner, a journeyman MiFi of Yredelemnul (Snake:2)
  2 frost giants (D:15)
  A very ugly thing (D:15)
  A stone giant (Orc:2)
  2 dire elephants (Lair:5)
  4 ettins
  Snorg (D:14)
  2 salamander tyrants
  Fannar (D:11)
  4 vault guards (D:15)
  A rakshasa (D:15)
  3 boulder beetles
  Erolcha (D:9)
  11 hydras
  3 anacondas
  A death knight (D:15)
  An ogre mage (D:15)
  2 alligators (Snake:3)
  7 centaur warriors
  2 catoblepae
  6 naga warriors
  2 tengu warriors
  11 death yaks
  5 two-headed ogres
  4 shock serpents
  A deep elf knight (D:13)
  Nergalle (Lair:1)
  5 naga sharpshooters
  3 salamander mystics
  2 spectral death yaks (Lair:5)
  A spectral anaconda (Lair:5)
  8 skeletal warriors (D:15)
  Lodul (D:12)
  A naga ritualist (Snake:3)
  A swamp dragon (Snake:3)
  3 deep elf archers (D:13)
  4 orc knights
  An obsidian statue (Lair:5)
  6 necromancers
  13 deep elf pyromancers
  2 mana vipers
  9 ugly things
  12 deep elf zephyrmancers (D:13)
  13 cyclopes
  2 manticores
  A salamander (shapeshifter) (D:15)
  4 orc sorcerers
  3 guardian serpents
  6 salamanders
  An elephant (shapeshifter) (D:15)
  Maurice (D:9)
  A wolf spider (D:15)
  An ice statue (D:10)
  22 black mambas
  10 elephants
  A centaur zombie (D:15)
  5 naga magi
  A gargoyle (D:14)
  14 cane toads
  A dire elephant skeleton (Lair:5)
  4 efreet
  2 rime drakes (Lair:2)
  2 kobold demonologists
  An unseen horror (D:11)
  A yaktaur (D:15)
  6 komodo dragons
  A queen bee (shapeshifter) (D:15)
  4 tengu conjurers (D:15)
  Prince Ribbit (D:5)
  3 hornets (Lair:3)
  2 polar bears (Lair:2)
  7 trolls
  A meliai (D:15)
  24 blink frogs
  11 slime creatures
  A spectral elephant (Lair:5)
  A centaur simulacrum (D:15)
  A snapping turtle (Lair:3)
  14 spriggans
  2 shadows
  27 yaks
  A dire elephant simulacrum (Lair:5)
  3 wraiths
  A basilisk (shapeshifter) (D:15)
  A vampire (D:11)
  2 wyverns
  3 humans (D:14)
  A steam dragon (D:8)
  3 basilisks
  A death yak simulacrum (Lair:5)
  2 hogs (D:14)
  9 vampire mosquitoes
  2 wargs
  18 nagas
  A spectral cane toad (Lair:5)
  4 swamp worms (Snake:3)
  An acid dragon (D:13)
  9 water moccasins
  2 floating eyes (D:15)
  17 orc warriors
  2 black bears (shapeshifter)
  2 black bears (Lair:2)
  A meliai simulacrum (D:15)
  A swamp drake (Snake:3)
  2 ice beasts
  5 boggarts
  5 centaurs
  15 ogres
  15 wolves
  A phantom (D:5)
  2 elephant skeletons (Lair:5)
  5 kobold brigands
  14 bullfrogs
  2 gnoll sergeants
  3 necrophages (D:5)
  2 scorpions (D:5)
  18 wights
  3 elephant simulacra (Lair:5)
  4 howler monkeys
  A jelly (D:6)
  17 orc priests
  3 hounds
  3 iguanas
  19 orc wizards
  2 boggart skeletons (D:15)
  A mummy (Ossuary)
  10 adders
  13 gnolls
  7 river rats (Sewer)
  A shadow imp (D:7)
  A white imp (D:8)
  An ufetubus (D:5)
  2 worms
  A dart slug (D:3)
  71 orcs
  4 endoplasms
  7 giant cockroaches
  8 goblins
  13 hobgoblins
  22 kobolds
  4 quokkas
  4 ball pythons
  3 bats
  10 frilled lizards
  5 gnoll skeletons (Ossuary)
  7 kobold skeletons (Ossuary)
  13 orc skeletons (Ossuary)
  16 rats
  A spectral orc (D:13)
813 creatures vanquished.

Vanquished Creatures (others)
  12 fungi
  23 plants
  21 withered plants (Lair:5)
56 creatures vanquished.

Grand Total: 869 creatures vanquished

Notes
Turn   | Place    | Note
-------+----------+-------------------------------------------
     0 | D:1      | sanboga the Minotaur Berserker began the quest for the Orb.
     0 | D:1      | Reached XP level 1. HP: 19/19 MP: 0/0
   291 | D:1      | Reached XP level 2. HP: 27/27 MP: 1/1
   664 | D:1      | Found a faded altar of an unknown god.
   906 | D:2      | Reached skill level 4 in Fighting
  1102 | D:2      | Reached XP level 3. HP: 32/33 MP: 2/2
  1341 | D:2      | Found an ornate altar of the Wu Jian Council.
  1452 | D:2      | Reached skill level 5 in Axes
  1452 | D:2      | Reached XP level 4. HP: 38/41 MP: 3/3
  1460 | D:2      | Reached ** piety under Trog
  1990 | D:3      | Identified the +4 war axe of Cidyasopra {vorpal, Int+3}
  2004 | D:3      | Reached XP level 5. HP: 47/47 MP: 4/4
  2495 | D:3      | Reached skill level 5 in Fighting
  2821 | D:3      | Found a shimmering altar of Xom.
  2823 | D:3      | Found an iron altar of Okawaru.
  2823 | D:3      | Found an ornate altar of the Wu Jian Council.
  2825 | D:3      | Found a shimmering blue altar of Sif Muna.
  2825 | D:3      | Found a burning altar of Makhleb.
  2825 | D:3      | Found a shimmering altar of Xom.
  2917 | D:4      | Found Meqy's Gadget Gallery.
  2995 | D:4      | Reached XP level 6. HP: 46/56 MP: 5/5
  3141 | D:4      | Found a staircase to the Ecumenical Temple.
  3282 | D:4      | Found a sparkling altar of Nemelex Xobeh.
  3533 | D:5      | Entered Level 5 of the Dungeon
  3537 | D:5      | Noticed a water moccasin
  3542 | D:5      | Killed a water moccasin
  3543 | D:5      | Reached skill level 5 in Armour
  3543 | D:5      | Reached XP level 7. HP: 31/62 MP: 6/6
  3566 | D:5      | Found a glowing drain.
  3582 | Sewer    | Entered a sewer
  3781 | Sewer    | Reached *** piety under Trog
  3945 | Sewer    | Reached skill level 6 in Fighting
  4343 | D:5      | Reached XP level 8. HP: 59/71 MP: 7/7
  4530 | D:5      | Noticed Prince Ribbit
  4531 | D:5      | Found a radiant altar of Vehumet.
  4554 | D:5      | Killed Prince Ribbit
  4555 | D:5      | Reached skill level 7 in Fighting
  5270 | D:6      | Reached skill level 10 in Axes
  5396 | D:6      | Reached **** piety under Trog
  5544 | D:6      | Found a basalt altar of Yredelemnul.
  6254 | D:6      | Reached XP level 9. HP: 71/81 MP: 8/8
  6684 | D:7      | Reached skill level 8 in Fighting
  7199 | D:7      | Found a sacrificial altar of Ru.
  7207 | D:7      | Found a hazy altar of Hepliaklqana.
  7257 | D:7      | Identified the +1 scale mail of the Land of Plenty {Fly rC-
                  | Str+3}
  7441 | D:7      | Found a stormy altar of Qazlal.
  7456 | D:7      | Found a blossoming altar of Fedhas.
  7527 | D:8      | Found a broken altar of Ashenzari.
  7573 | D:8      | Found a sand-covered staircase.
  7578 | Ossuary  | Entered an ossuary
  7676 | Ossuary  | Reached ***** piety under Trog
  7724 | Ossuary  | Reached skill level 9 in Fighting
  7906 | D:8      | Noticed a two-headed ogre
  7913 | D:8      | Killed a two-headed ogre
  7916 | D:8      | Reached XP level 10. HP: 51/91 MP: 9/9
  8443 | D:8      | Found a staircase to the Lair.
  8942 | D:9      | Found a staircase to the Orcish Mines.
  8966 | D:9      | Reached skill level 10 in Fighting
  9295 | D:9      | Found a bloodstained altar of Trog.
  9305 | D:9      | Noticed Maurice
  9313 | D:9      | Killed Maurice
  9447 | D:9      | Found a snail-covered altar of Cheibriados.
  9562 | D:9      | Noticed Erolcha
  9580 | D:9      | Killed Erolcha
  9581 | D:9      | Reached skill level 10 in Armour
 10001 | D:10     | Entered Level 10 of the Dungeon
 10183 | D:10     | Identified the +2 long sword of Voim Lux {freeze, rPois
                  | Str+4}
 10206 | D:10     | Noticed an ice statue
 10235 | D:10     | Killed an ice statue
 10236 | D:10     | Reached XP level 11. HP: 71/101 MP: 10/10
 10820 | D:10     | Reached skill level 11 in Fighting
 10978 | D:11     | Reached skill level 15 in Axes
 11067 | D:11     | Noticed Fannar
 11087 | D:11     | Killed Fannar
 11091 | D:11     | Received a gift from Trog
 11472 | D:11     | Found a radiant altar of Vehumet.
 11481 | D:11     | Noticed a five-headed hydra
 11494 | D:11     | Killed a one-headed hydra
 11495 | D:11     | Reached skill level 1 in Shields
 12317 | D:12     | Noticed Lodul
 12325 | D:12     | Killed Lodul
 12326 | D:12     | Reached skill level 12 in Fighting
 12734 | D:12     | Noticed a seven-headed hydra
 12735 | D:12     | Noticed a two-headed ogre
 12741 | D:12     | Killed a two-headed ogre
 12741 | D:12     | Killed a four-headed hydra
 12742 | D:12     | Reached XP level 12. HP: 99/112 MP: 11/11
 12947 | D:12     | Noticed a two-headed ogre
 12955 | D:12     | Killed a two-headed ogre
 13374 | D:12     | Found Utuasil's Antique Armour Emporium.
 13380 | D:12     | Bought an embroidered scarf for 288 gold pieces
 13552 | D:13     | Noticed a centaur warrior
 13559 | D:13     | Killed a centaur warrior
 13560 | D:13     | Reached skill level 5 in Shields
 13639 | D:13     | Noticed a two-headed ogre
 13644 | D:13     | Killed a two-headed ogre
 13825 | D:13     | Found a basalt altar of Yredelemnul.
 13840 | D:13     | Found a gate to the Vaults.
 14363 | D:13     | Reached skill level 13 in Fighting
 14715 | D:13     | Noticed a catoblepas
 14971 | D:12     | Killed a catoblepas
 14971 | D:12     | Received a gift from Trog
 15030 | D:13     | Noticed a boulder beetle
 15708 | D:12     | Killed a boulder beetle
 15809 | D:13     | Reached XP level 13. HP: 85/122 MP: 12/12
 16641 | D:13     | Identified the +9 short sword of Distant Worlds {antimagic,
                  | *Noise rPois rC- Will++}
 16751 | D:13     | Found the +6 arbalest "Damnation" {damnation}
 16819 | D:14     | Reached skill level 14 in Fighting
 16901 | D:14     | Noticed Snorg
 16911 | D:14     | Killed Snorg
 17179 | D:14     | Found a stormy altar of Qazlal.
 17621 | D:14     | Noticed Kirke
 17630 | D:14     | Killed Kirke
 18210 | D:15     | Entered Level 15 of the Dungeon
 18343 | D:15     | Reached skill level 10 in Shields
 18419 | D:15     | Noticed a frost giant
 18425 | D:15     | Killed a frost giant
 18426 | D:15     | Reached skill level 15 in Fighting
 18793 | D:15     | Reached XP level 14. HP: 135/135 MP: 13/13
 18810 | D:15     | HP: 6/135 [skeletal warrior/+0 glaive (19)]
 19206 | D:15     | Reached skill level 15 in Armour
 19297 | D:15     | Identified the ring "Xiasud" {Contam rF+ Will+ rCorr Dex+6}
 19312 | D:15     | Noticed a green very ugly thing
 19323 | D:15     | Killed a green very ugly thing
 19540 | D:15     | Found a staircase to the Depths.
 20104 | D:15     | Identified the ring of Happiness {Wiz *Slow rN+ Dex+5}
 20268 | D:15     | Received a gift from Trog
 20515 | D:15     | Noticed a frost giant
 20521 | D:15     | Killed a frost giant
 20795 | D:15     | Reached skill level 16 in Fighting
 21172 | D:15     | Identified the ring "Gialouts" {+Blink Fly Stlth+}
 21204 | D:15     | Found a sacrificial altar of Ru.
 21219 | D:15     | Found a transporter.
 21709 | D:15     | Found a transporter.
 21829 | D:15     | Found a shimmering altar of Xom.
 21905 | D:15     | Noticed a tengu reaver
 21917 | D:15     | Killed a tengu reaver
 22190 | D:15     | Found a shimmering blue altar of Sif Muna.
 23108 | D:15     | Reached XP level 15. HP: 79/146 MP: 14/14
 23666 | Lair:1   | Entered Level 1 of the Lair of Beasts
 23829 | Lair:1   | Reached skill level 17 in Fighting
 23899 | Lair:1   | Noticed Nergalle
 23911 | Lair:1   | Killed Nergalle
 25953 | Lair:3   | Found a staircase to the Snake Pit.
 25999 | Lair:3   | Identified the ring "Zaaskeod" {Will+ Str+4}
 26028 | Lair:3   | Reached ****** piety under Trog
 26164 | Lair:3   | Found a staircase to the Shoals.
 27025 | Lair:3   | Paralysed by a hornet for 2 turns
 27314 | Lair:4   | Reached skill level 18 in Fighting
 27509 | Lair:4   | Received a gift from Trog
 27833 | Lair:4   | Found a viscous altar of Jiyva.
 27839 | Lair:4   | Found a staircase to the Slime Pits.
 28248 | Lair:5   | Entered Level 5 of the Lair of Beasts
 28972 | Lair:5   | Reached skill level 15 in Shields
 29041 | Lair:5   | Reached XP level 16. HP: 159/159 MP: 15/15
 29672 | Orc:1    | Entered Level 1 of the Orcish Mines
 29740 | Orc:1    | Received a gift from Trog
 29982 | Orc:1    | Found Koraw's Assorted Antiques.
 30399 | Orc:2    | Entered Level 2 of the Orcish Mines
 30399 | Orc:2    | Found Gituvesi's Antique Weapon Shop.
 30619 | Orc:2    | Reached skill level 19 in Fighting
 30852 | Orc:2    | Found Moetzorch's CLEARANCE SALE!.
 30880 | Orc:2    | Found Omnaosil's General Store.
 30947 | Orc:2    | Found Oziecop's Antique Armour Shoppe.
 30965 | Orc:2    | Received a gift from Trog
 31064 | Orc:2    | Found Fomimp's Book Boutique.
 31186 | Orc:2    | Found a staircase to the Elven Halls.
 31419 | Snake:1  | Entered Level 1 of the Snake Pit
 31868 | Snake:1  | Found Momm's Weapon Emporium.
 32219 | Snake:1  | Found Idghurocw's Magic Scroll Emporium.
 32235 | Snake:1  | Found Zeit's General Store.
 32240 | Snake:1  | Bought a scroll of blinking for 120 gold pieces
 32240 | Snake:1  | Bought a scroll of enchant armour for 120 gold pieces
 32240 | Snake:1  | Bought a scroll of magic mapping for 120 gold pieces
 32253 | Snake:1  | Bought a potion of mutation for 120 gold pieces
 32627 | Snake:2  | Found a large runed translucent door.
 32627 | Snake:2  | Found a large runed translucent door.
 32848 | Snake:2  | Noticed Cheops's ghost (journeyman MiFi)
 32878 | Snake:2  | Killed Cheops's ghost
 33029 | Snake:2  | Received a gift from Trog
 33269 | Snake:2  | Identified the +9 demon blade of Eternal War {freeze, rCorr
                  | Int+3}
 33467 | Snake:3  | Noticed a thorn hunter
 33476 | Snake:3  | Killed a thorn hunter
 33523 | Snake:3  | Reached skill level 20 in Fighting
 33594 | Snake:3  | Reached XP level 17. HP: 139/170 MP: 16/16
 33661 | Snake:3  | HP: 6/170 [swamp dragon (10)]
 33662 | Snake:3  | Succumbed to a swamp dragon's poison gas

Illustrated notes

Levels and vault maps discovered:
D:1:      lemuel_arrival_rhombus, layout_basic,
          shapermc_ecumenical_altar_mp_vishouse
D:2:      layout_basic, basic_altar
D:3:      layout_basic, doesnt_xom_only_xom
D:4:      layout_rooms, nemelex_diamond_rough_becter,
          minmay_temple_entry_arrows, nicolae_shop_gadgets
D:5:      layout_cave_pools, amcnicky_altar_gilded, portal_sewer_entry_f,
          uniq_prince_ribbit1
D:6:      layout_layer_cave, mainiacjoe_overflow_paths,
          kennysheep_generic_room_9
D:7:      layout_basic, grunt_temple_overflow_forces_of_nature,
          mainiacjoe_overflow_big_doors
D:8:      layout_cave_pools, nicolae_ashenzari_panopticon, dpeg_oklobed_lair,
          nicolae_ossuary_entry_false_entrances
D:9:      layout_long_grid, kennysheep_little_box, lemuel_doored_altar,
          erik_orc_4, uniq_maurice, uniq_erolcha
D:10:     minmay_statue_hallways, layout_stronghold
D:11:     layout_cave_pods, minivault_19, grunt_ministairs_13,
          nicolae_vehumet_radiance, uniq_fannar
D:12:     layout_grid_maze, serial_shops, nicolae_square_shop, uniq_lodul
D:13:     minmay_elf_outpost, layout_rooms, david_vaults_1,
          hangedman_decor_peaks_small, yredelemnul_forgotten_temple_becter
D:14:     layout_roguey, nicolae_qazlal_general_emergency, uniq_kirke,
          uniq_snorg
D:15:     hangedman_spin_cycle
Lair:1:   layout_chaotic_city, nicolae_lair_grove_arrangements, uniq_nergalle
Lair:2:   layout_cave_pods, forest_entry_grove
Lair:3:   kb_forest_paths, layout_small_grid, minmay_shoals_entry_hut,
          minmay_snake_entry_guardpost_small
Lair:4:   layout_cave_pods, dpeg_slime_entry_corner
Lair:5:   due_jungle_book, layout_loops_ring
Snake:1:  nicolae_snake_nest, layout_cave_pods, serial_shops, shop, shop,
          shop_statue
Snake:2:  layout_onion_interference, ebering_ghost_disaster_area,
          grunt_megastairs_2, serial_bayou_shore_b
Snake:3:  onia_ninara_swampy_vault, layout_cave_town,
          nicolae_snake_salamander_fort
Orc:1:    cheibrodos_orc_bank, layout_diamond_mine, serial_shops, shop
Orc:2:    grunt_orc_gardens, layout_caves, grunt_orc_garden, grunt_orc_garden,
          grunt_orc_garden, grunt_orc_garden, nicolae_shop_clearance

Skill      XL: |  1  2  3  4  5  6  7  8  9 10 11 12 13 14 15 16 |
---------------+-------------------------------------------------+-----
Axes           | 4 5 6 7 8 10 12 14 16 18 | 18.0
Fighting       | 4 5 6 7 9 10 12 13 15 16 18 20 | 20.1
Armour         | 3 4 5 6 7 9 10 11 13 14 16 18 19 | 19.9
Shields        | 4 6 10 12 15 17 | 17.1
Dodging        | |  2.1

Action                   |  1- 3 |  4- 6 |  7- 9 | 10-12 | 13-15 | 16-18 || total
-------------------------+-------+-------+-------+-------+-------+-------++-------
Melee: Hand axe          |    67 |    14 |       |       |       |       ||    81
       Headbutt          |     7 |     8 |    31 |    62 |   224 |   135 ||   467
       Punch             |     2 |     1 |     8 |       |       |       ||    11
       War axe           |       |    57 |   217 |   157 |       |       ||   431
       Broad axe         |       |       |       |   187 |   862 |   494 ||  1543
Invok: Berserk           |     1 |       |     1 |     8 |    19 |     7 ||    36
Evoke: Wand              |       |       |     2 |     1 |       |       ||     3
  Use: Scroll            |       |    10 |    11 |     7 |     9 |     1 ||    38
       Potion            |       |       |       |     2 |     2 |     7 ||    11
 Stab: Sleeping          |       |     2 |     1 |       |       |       ||     3
       Distracted        |       |       |       |       |     3 |       ||     3
       Petrified         |       |       |       |       |     1 |       ||     1
Armor: Animal skin       |    18 |    23 |    22 |       |       |       ||    63
       Ring mail         |       |       |    56 |    16 |       |       ||    72
       Plate armour      |       |       |       |   192 |   369 |   135 ||   696
Dodge: Dodged            |    50 |    40 |   100 |   123 |   138 |    68 ||   519
Block: Kite shield       |       |       |       |    82 |   108 |       ||   190
       Tower shield      |       |       |       |       |   491 |   403 ||   894
